| TOP OF THE 1ST |
|
Orem Owlz batting - Pitching for Baltimore (APP) Orioles : RHP Bryant Orr
|
|
Pitching: RHP Bryant Orr
|
|
|
Batting: LHB Justin Alexander
|
0-0: Foul Ball, location: 2F 0-1: Foul Ball, location: 2F 0-2: Ball 1-2: Foul Ball, location: 2F 1-2: Foul Ball, location: 2F 1-2: Strikes out looking
|
|
Batting: RHB Jose Ramirez
|
0-0: Called Strike 0-1: Swinging Strike 0-2: Ball 1-2: Ball 2-2: Foul Ball, location: 2F 2-2: Ball 3-2: Strikes out swinging
|
|
Batting: LHB Brett Bugge
|
0-0: Foul Ball, location: 2F 0-1: SINGLE (Groundball, 34D, EV 99.4 MPH)
|
|
Batting: RHB Mike Alm
|
0-0: Ball 1-0: Called Strike 1-1: Ball 2-1: Ball 3-1: Base on Balls Brett Bugge to second
|
|
Batting: LHB Nick Isaac
|
0-0: Called Strike 0-1: Ball 1-1: 3-RUN HOME RUN (Flyball, 9D, EV 96.3 MPH), Distance : 379 ft
|
|
Batting: RHB Tristan Lewis
|
0-0: Ball 1-0: Fly out, F6 (Popup, 6MS, EV 76.3 MPH)
|
| Top of the 1st over - 3 runs, 2 hits, 0 errors, 0 left on base; Orem 3 - Baltimore (APP) 0 |
| BOTTOM OF THE 1ST |
|
Baltimore (APP) Orioles batting - Pitching for Orem Owlz : RHP Luis Cabrera
|
|
Pitching: RHP Luis Cabrera
|
|
|
Batting: RHB Mike Zepeda
|
0-0: Called Strike 0-1: Ball 1-1: Called Strike 1-2: Ground out 4-3 (Groundball, 4S, EV 90.6 MPH)
|
|
Batting: RHB Fernando Bravo
|
0-0: Ball 1-0: Ball 2-0: Called Strike 2-1: Ball 3-1: SOLO HOME RUN (Line Drive, 78XD, EV 116.9 MPH), Distance : 443 ft
|
|
Batting: RHB Jeremy Sipe
|
0-0: Ball 1-0: Foul Ball, location: 2F 1-1: Foul Ball, location: 2F 1-2: Strikes out swinging
|
|
Batting: RHB Alex Valencia
|
0-0: Called Strike 0-1: Ground out 6-3 (Groundball, 6, EV 88.1 MPH)
|
| Bottom of the 1st over - 1 run, 1 hit, 0 errors, 0 left on base; Orem 3 - Baltimore (APP) 1 |
| TOP OF THE 2ND |
|
Orem Owlz batting - Pitching for Baltimore (APP) Orioles : RHP Bryant Orr
|
|
Batting: SHB Winikeneke Keikemamake
|
0-0: Swinging Strike 0-1: Ground out 5-3 (Groundball, 56, EV 81.3 MPH)
|
|
Batting: RHB Kinya Nishimura
|
0-0: SINGLE (Groundball, 56D, EV 105.0 MPH)
|
|
Batting: RHB Luis Garcia
|
0-0: Ball 1-0: Ball 2-0: Ball 3-0: Called Strike 3-1: Base on Balls Kinya Nishimura to second
|
|
Batting: LHB Justin Alexander
|
0-0: Fielders Choice at 2nd, 6-4 (Groundball, 6, EV 85.6 MPH) Kinya Nishimura to third
|
|
Batting: RHB Jose Ramirez
|
0-0: Called Strike 0-1: Foul Ball, location: 2F 0-2: Strikes out swinging
|
| Top of the 2nd over - 0 runs, 1 hit, 0 errors, 2 left on base; Orem 3 - Baltimore (APP) 1 |
| BOTTOM OF THE 2ND |
|
Baltimore (APP) Orioles batting - Pitching for Orem Owlz : RHP Luis Cabrera
|
|
Batting: LHB Antonio Cantu
|
0-0: Called Strike 0-1: Ball 1-1: Ball 2-1: Foul Ball, location: 2F 2-2: Strikes out swinging
|
|
Batting: LHB Tomas de Zeeuw
|
0-0: Ball 1-0: Ball 2-0: Ball 3-0: Base on Balls
|
|
Batting: RHB Kaleb Yerger
|
0-0: Called Strike 0-1: Ball 1-1: Called Strike Tomas de Zeeuw steals 2nd base 1-2: Ball 2-2: Foul Ball, location: 2F 2-2: Ball 3-2: Base on Balls
|
|
Batting: RHB Ryan Vest
|
0-0: Called Strike 0-1: Ball 1-1: Foul Ball, location: 2F 1-2: Grounds into double play, 4-6-3 (Groundball, 4, EV 81.3 MPH)
|
| Bottom of the 2nd over - 0 runs, 0 hits, 0 errors, 1 left on base; Orem 3 - Baltimore (APP) 1 |
| TOP OF THE 3RD |
|
Orem Owlz batting - Pitching for Baltimore (APP) Orioles : RHP Bryant Orr
|
|
Batting: LHB Brett Bugge
|
0-0: DOUBLE (Line Drive, 8LXD, EV 105.6 MPH)
|
|
Batting: RHB Mike Alm
|
0-0: Ball 1-0: DOUBLE (Line Drive, 7LM, EV 90.6 MPH) Brett Bugge scores
|
|
Batting: LHB Nick Isaac
|
0-0: Ball 1-0: Swinging Strike 1-1: Ball 2-1: Foul Ball, location: 2F 2-2: 2-RUN HOME RUN (Flyball, 7LD, EV 98.1 MPH), Distance : 362 ft
|
|
Batting: RHB Tristan Lewis
|
0-0: Swinging Strike 0-1: Ball 1-1: Ball 2-1: Foul Ball, location: 2F 2-2: Foul Ball, location: 2F 2-2: Foul Ball, location: 2F 2-2: Ground out 4-3 (Groundball, 4, EV 106.9 MPH)
|
|
Batting: SHB Winikeneke Keikemamake
|
0-0: Ball 1-0: Swinging Strike 1-1: Ball 2-1: Foul Ball, location: 2F 2-2: Foul Ball, location: 2F 2-2: Foul Ball, location: 2F 2-2: Ball 3-2: Base on Balls
|
|
Pitching: RHP Jun-seok Pak
|
|
|
Batting: RHB Kinya Nishimura
|
0-0: Called Strike 0-1: Called Strike 0-2: Ball 1-2: Foul Ball, location: 2F 1-2: Fly out, F5 (Popup, 5SF, EV 70.0 MPH)
|
|
Batting: RHB Luis Garcia
|
0-0: Called Strike 0-1: Ball 1-1: Ball 2-1: Ball 3-1: Called Strike 3-2: Base on Balls Winikeneke Keikemamake to second
|
|
Batting: LHB Justin Alexander
|
0-0: Foul Ball, location: 2F 0-1: Foul Ball, location: 2F 0-2: Ground out 4-3 (Groundball, 34D, EV 94.4 MPH)
|
| Top of the 3rd over - 3 runs, 3 hits, 0 errors, 2 left on base; Orem 6 - Baltimore (APP) 1 |
| BOTTOM OF THE 3RD |
|
Baltimore (APP) Orioles batting - Pitching for Orem Owlz : RHP Luis Cabrera
|
|
Batting: RHB Bobby White
|
0-0: Called Strike 0-1: Called Strike 0-2: Foul Ball, location: 2F 0-2: Ball 1-2: Foul Ball, location: 2F 1-2: Foul Ball, location: 2F 1-2: Strikes out swinging
|
|
Batting: RHB Mike Zepeda
|
0-0: SINGLE (Line Drive, 3D, EV 96.9 MPH)
|
|
Batting: RHB Fernando Bravo
|
0-0: Ball 1-0: Foul Ball, location: 2F 1-1: Ball 2-1: Ball 3-1: Grounds into double play, 5-4-3 (Groundball, 56, EV 96.3 MPH)
|
| Bottom of the 3rd over - 0 runs, 1 hit, 0 errors, 0 left on base; Orem 6 - Baltimore (APP) 1 |
| TOP OF THE 4TH |
|
Orem Owlz batting - Pitching for Baltimore (APP) Orioles : RHP Jun-seok Pak
|
|
Batting: RHB Jose Ramirez
|
0-0: Called Strike 0-1: Ball 1-1: Foul Ball, location: 2F 1-2: Strikes out swinging
|
|
Batting: LHB Brett Bugge
|
0-0: Ball 1-0: Ground out 6-3 (Groundball, 6, EV 96.9 MPH)
|
|
Batting: RHB Mike Alm
|
0-0: Ball 1-0: Called Strike 1-1: Foul Ball, location: 2F 1-2: Foul Ball, location: 2F 1-2: Ball 2-2: Ball 3-2: Foul Ball, location: 2F 3-2: Ground out 5-3 (Groundball, 56, EV 87.5 MPH)
|
| Top of the 4th over - 0 runs, 0 hits, 0 errors, 0 left on base; Orem 6 - Baltimore (APP) 1 |
| BOTTOM OF THE 4TH |
|
Baltimore (APP) Orioles batting - Pitching for Orem Owlz : RHP Luis Cabrera
|
|
Batting: RHB Jeremy Sipe
|
0-0: Ball 1-0: Ball 2-0: Ball 3-0: Called Strike 3-1: Called Strike 3-2: Base on Balls
|
|
Batting: RHB Alex Valencia
|
0-0: Fly out, F9 (Flyball, 89S, EV 79.4 MPH)
|
|
Batting: LHB Antonio Cantu
|
0-0: Ball 1-0: Ball 2-0: Ball 3-0: Base on Balls Jeremy Sipe to second
|
|
Batting: LHB Tomas de Zeeuw
|
0-0: Ball 1-0: Ball 2-0: Fly out, F5 (Popup, 25, EV 87.5 MPH)
|
|
Batting: RHB Kaleb Yerger
|
0-0: Ball 1-0: Ball 2-0: Called Strike 2-1: Swinging Strike 2-2: Strikes out swinging wild pitch, reaches first! Jeremy Sipe to third Antonio Cantu to second
|
|
Batting: RHB Ryan Vest
|
0-0: Ball 1-0: Ball 2-0: Called Strike 2-1: Reached via error on a dropped throw from SS, E4 (Groundball, 6, EV 83.8 MPH) Jeremy Sipe scores Antonio Cantu to third Kaleb Yerger to second
|
|
Batting: RHB Bobby White
|
0-0: Ball Wild Pitch! Antonio Cantu scores Kaleb Yerger to third Ryan Vest to second 1-0: Ball 2-0: Ball 3-0: Called Strike 3-1: Base on Balls
|
|
Pitching: RHP Owen Prouty
|
|
|
Batting: RHB Mike Zepeda
|
0-0: SINGLE (Groundball, 56S, EV 66.3 MPH) (infield hit) Kaleb Yerger scores Ryan Vest to third Bobby White to second
|
|
Batting: RHB Fernando Bravo
|
0-0: Called Strike 0-1: Ball 1-1: Ball 2-1: Foul Ball, location: 2F 2-2: Strikes out swinging
|
| Bottom of the 4th over - 3 runs, 1 hit, 1 error, 3 left on base; Orem 6 - Baltimore (APP) 4 |
| TOP OF THE 5TH |
|
Orem Owlz batting - Pitching for Baltimore (APP) Orioles : RHP Jun-seok Pak
|
|
Batting: LHB Nick Isaac
|
0-0: Swinging Strike 0-1: Ball 1-1: Foul Ball, location: 2F 1-2: Foul Ball, location: 2F 1-2: Foul Ball, location: 2F 1-2: Foul Ball, location: 2F 1-2: Ball 2-2: Strikes out looking
|
|
Batting: RHB Tristan Lewis
|
0-0: Called Strike 0-1: Fly out, F2 (Popup, 23F, EV 91.9 MPH)
|
|
Batting: SHB Winikeneke Keikemamake
|
0-0: Foul Ball, location: 2F 0-1: Foul Ball, location: 2F 0-2: Foul Ball, location: 2F 0-2: Foul Ball, location: 2F 0-2: Strikes out swinging
|
| Top of the 5th over - 0 runs, 0 hits, 0 errors, 0 left on base; Orem 6 - Baltimore (APP) 4 |
| BOTTOM OF THE 5TH |
|
Baltimore (APP) Orioles batting - Pitching for Orem Owlz : RHP Owen Prouty
|
|
Batting: RHB Jeremy Sipe
|
0-0: Ball 1-0: SINGLE (Flyball, 78S, EV 86.3 MPH)
|
|
Batting: RHB Alex Valencia
|
0-0: Called Strike 0-1: Ball 1-1: Foul Ball, location: 2F 1-2: Strikes out swinging
|
|
Batting: LHB Antonio Cantu
|
0-0: Ball 1-0: Grounds into double play, 4-6-3 (Groundball, 34, EV 82.5 MPH)
|
| Bottom of the 5th over - 0 runs, 1 hit, 0 errors, 0 left on base; Orem 6 - Baltimore (APP) 4 |
| TOP OF THE 6TH |
|
Orem Owlz batting - Pitching for Baltimore (APP) Orioles : RHP Jun-seok Pak
|
|
Batting: RHB Kinya Nishimura
|
0-0: Called Strike 0-1: Called Strike 0-2: Ball 1-2: DOUBLE (Flyball, 8LXD, EV 103.1 MPH)
|
|
Batting: RHB Luis Garcia
|
0-0: Foul Ball, location: 2F 0-1: Foul Ball, location: 2F 0-2: Foul Ball, location: 2F 0-2: Ball 1-2: Ball 2-2: Ball 3-2: Foul Ball, location: 2F 3-2: Foul Ball, location: 2F 3-2: Base on Balls
|
|
Batting: LHB Justin Alexander
|
0-0: Fielders Choice at 2nd, 2-4 (Groundball, 15S, EV 70.6 MPH) Kinya Nishimura to third
|
|
Batting: RHB Jose Ramirez
|
0-0: Grounds into double play, 4-6-3 (Groundball, 4, EV 78.8 MPH)
|
| Top of the 6th over - 0 runs, 1 hit, 0 errors, 1 left on base; Orem 6 - Baltimore (APP) 4 |
| BOTTOM OF THE 6TH |
|
Baltimore (APP) Orioles batting - Pitching for Orem Owlz : RHP Owen Prouty
|
|
Batting: LHB Tomas de Zeeuw
|
0-0: Swinging Strike 0-1: Ball 1-1: Called Strike 1-2: Ball 2-2: Foul Ball, location: 2F 2-2: Foul Ball, location: 2F 2-2: Ball 3-2: Base on Balls
|
|
Batting: RHB Kaleb Yerger
|
0-0: Ball 1-0: Swinging Strike 1-1: Called Strike 1-2: 2-RUN HOME RUN (Flyball, 7D, EV 98.1 MPH), Distance : 396 ft
|
|
Batting: RHB Ryan Vest
|
0-0: Ball 1-0: Ball 2-0: Ball 3-0: Called Strike 3-1: Swinging Strike 3-2: Fly out, F4 (Flyball, 4D, EV 87.5 MPH)
|
|
Batting: RHB Bobby White
|
0-0: Ball 1-0: Swinging Strike 1-1: Swinging Strike 1-2: Fly out, F9 (Flyball, 89M, EV 82.5 MPH)
|
|
Batting: RHB Mike Zepeda
|
0-0: Foul Ball, location: 2F 0-1: Swinging Strike 0-2: Strikes out swinging
|
| Bottom of the 6th over - 2 runs, 1 hit, 0 errors, 0 left on base; Orem 6 - Baltimore (APP) 6 |
| TOP OF THE 7TH |
|
Orem Owlz batting - Pitching for Baltimore (APP) Orioles : RHP Jun-seok Pak
|
|
Pitching: LHP Kyle Sheridan
|
|
|
Batting: LHB Brett Bugge
|
0-0: Fly out, F6 (Popup, 6, EV 75.0 MPH)
|
|
Pitching: RHP Chris Kimura
|
|
|
Batting: RHB Mike Alm
|
0-0: Called Strike 0-1: Foul Ball, location: 2F 0-2: Fly out, F6 (Line Drive, 6, EV 72.5 MPH)
|
|
Batting: LHB Nick Isaac
|
0-0: Ball 1-0: Ball 2-0: Ball 3-0: Foul Ball, location: 2F 3-1: Base on Balls
|
|
Batting: RHB Tristan Lewis
|
0-0: Ball 1-0: Called Strike 1-1: Called Strike 1-2: Strikes out swinging
|
| Top of the 7th over - 0 runs, 0 hits, 0 errors, 1 left on base; Orem 6 - Baltimore (APP) 6 |
| BOTTOM OF THE 7TH |
|
Baltimore (APP) Orioles batting - Pitching for Orem Owlz : RHP Owen Prouty
|
|
Pitching: RHP Kennie Williams
|
|
|
Batting: RHB Fernando Bravo
|
0-0: Ball 1-0: Called Strike 1-1: Foul Ball, location: 2F 1-2: Ball 2-2: Strikes out swinging
|
|
Batting: RHB Jeremy Sipe
|
0-0: Ball 1-0: Swinging Strike 1-1: Called Strike 1-2: Strikes out swinging
|
|
Batting: RHB Alex Valencia
|
0-0: Called Strike 0-1: Swinging Strike 0-2: Ball 1-2: Strikes out swinging
|
| Bottom of the 7th over - 0 runs, 0 hits, 0 errors, 0 left on base; Orem 6 - Baltimore (APP) 6 |
| TOP OF THE 8TH |
|
Orem Owlz batting - Pitching for Baltimore (APP) Orioles : RHP Chris Kimura
|
|
Batting: SHB Winikeneke Keikemamake
|
0-0: TRIPLE (Flyball, 78XD, EV 95.6 MPH)
|
|
Batting: RHB Kinya Nishimura
|
0-0: Called Strike 0-1: Ground out 6-3 (Groundball, 6, EV 85.0 MPH)
|
|
Batting: RHB Luis Garcia
|
0-0: Foul Ball, location: 2F 0-1: Called Strike 0-2: Strikes out swinging
|
|
Batting: LHB Justin Alexander
|
0-0: Ball 1-0: Called Strike 1-1: Called Strike 1-2: Foul Ball, location: 2F 1-2: Foul Ball, location: 2F 1-2: Ball 2-2: Ground out 4-3 (Groundball, 4, EV 110.6 MPH)
|
| Top of the 8th over - 0 runs, 1 hit, 0 errors, 1 left on base; Orem 6 - Baltimore (APP) 6 |
| BOTTOM OF THE 8TH |
|
Baltimore (APP) Orioles batting - Pitching for Orem Owlz : RHP Kennie Williams
|
|
Pitching: RHP Tim Anderson
|
|
|
Batting: LHB Antonio Cantu
|
0-0: SINGLE (Groundball, 34D, EV 98.8 MPH)
|
|
Batting: LHB Tomas de Zeeuw
|
0-0: Sac Bunt to 3S - play at first, batter OUT! 3-4 Antonio Cantu to second
|
|
Batting: RHB Kaleb Yerger
|
0-0: Intentional Walk
|
|
Pinch Hitting: LHB Justin Alworth
|
0-0: Called Strike 0-1: Foul Ball, location: 2F 0-2: Ball 1-2: Fly out, F9 (Line Drive, 9D, EV 88.1 MPH)
|
|
Batting: RHB Bobby White
|
0-0: Called Strike 0-1: Ball 1-1: Ball 2-1: Fly out, F8 (Flyball, 89M, EV 76.9 MPH)
|
| Bottom of the 8th over - 0 runs, 1 hit, 0 errors, 2 left on base; Orem 6 - Baltimore (APP) 6 |
| TOP OF THE 9TH |
|
Orem Owlz batting - Pitching for Baltimore (APP) Orioles : RHP Chris Kimura
|
|
Pitching: RHP Jon Grason
|
|
|
Now at 3B: Matt O'Dea
|
|
|
Batting: RHB Jose Ramirez
|
0-0: Ball 1-0: Called Strike 1-1: Called Strike 1-2: Ball 2-2: Strikes out swinging
|
|
Batting: LHB Brett Bugge
|
0-0: Called Strike 0-1: Foul Ball, location: 2F 0-2: Ground out 6-3 (Groundball, 6S, EV 89.4 MPH)
|
|
Batting: RHB Mike Alm
|
0-0: Ball 1-0: Ball 2-0: SINGLE (Line Drive, 4D, EV 95.6 MPH)
|
|
Batting: LHB Nick Isaac
|
0-0: Ball 1-0: Called Strike Pickoff Throw to First - Error! E1 Mike Alm to second 1-1: Intentional Walk
|
|
Batting: RHB Tristan Lewis
|
0-0: Ball 1-0: Ball 2-0: Ground out U3 (Groundball, 3L, EV 86.9 MPH)
|
| Top of the 9th over - 0 runs, 1 hit, 1 error, 2 left on base; Orem 6 - Baltimore (APP) 6 |
| BOTTOM OF THE 9TH |
|
Baltimore (APP) Orioles batting - Pitching for Orem Owlz : RHP Tim Anderson
|
|
Batting: RHB Mike Zepeda
|
0-0: Foul Ball, location: 2F 0-1: Swinging Strike 0-2: SINGLE (Line Drive, 8LS, EV 90.6 MPH)
|
|
Batting: RHB Fernando Bravo
|
0-0: Swinging Strike 0-1: Ball 1-1: Ball 2-1: Called Strike 2-2: Ball 3-2: DOUBLE (Line Drive, 7LS, EV 96.3 MPH) Mike Zepeda to third Mike Zepeda scores
|
| Bottom of the 9th over - 1 run, 2 hits, 0 errors, 0 left on base; Orem 6 - Baltimore (APP) 7 |
| |
|
Game Over ... Baltimore (APP) defeats Orem, 7 to 6
|
|
|